 Dungeon Crawl Stone Soup version 0.22-a0-322-g60b3cfd (webtiles) character file.

6687 galech the Grappler (level 10, -16/94 HPs)
             Began as a Troll Monk on Apr 3, 2018.
             Was a High Priest of Okawaru.
             Demolished by a death yak (21 damage)
             ... on level 9 of the Dungeon.
             The game lasted 00:15:48 (8166 turns).

galech the Grappler (Troll Monk)                    Turns: 8166, Time: 00:15:48

Health: -16/94     AC:  5    Str: 23    XL:     10   Next: 73%
Magic:  7/9        EV: 16    Int:  6    God:    Okawaru [*****.]
Gold:   558        SH:  0    Dex: 13    Spells: 9/9 levels left

rFire    . . .     SeeInvis .     - Unarmed
rCold    . . .     Gourm    +   (no shield)
rNeg     . . .     Faith    .   F - +0 robe {MR+}
rPois    .         Spirit   .   w - +0 hat
rElec    .         Reflect  .   v - scarf {repulsion}
rCorr    .         Harm     .   (gloves unavailable)
MR       ++...                  (boots unavailable)
Stlth    ++++......             y - amulet of rage
HPRegen  0.65/turn              o - ring of protection from magic
MPRegen  0.11/turn              (no ring)

@: heroism, repel missiles
A: large, unfitting armour, claws 3, fast metabolism 3, gourmand, regeneration
1, shaggy fur 1, tough skin 2
a: Heroism, Finesse, Renounce Religion, Evoke Berserk Rage


You were on level 9 of the Dungeon.
You worshipped Okawaru.
Okawaru was extremely pleased with you.
You were completely stuffed.

You visited 2 branches of the dungeon, and saw 11 of its levels.
You also visited: Sewer.

You collected 558 gold pieces.

Inventory:

Armour
 a - a +0 robe
 v - a scarf of repulsion (worn)
 w - a +0 hat (worn)
 F - a +0 robe of magic resistance (worn)
Jewellery
 o - a ring of protection from magic (left claw)
 y - an amulet of rage (around neck)
Wands
 l - a wand of flame (42)
 x - a wand of paralysis (12)
 D - a wand of enslavement (12)
Scrolls
 c - 7 scrolls of teleportation
 e - 2 scrolls of random uselessness
 f - 5 scrolls of remove curse
 h - 2 scrolls of magic mapping
 j - a scroll of fear
 m - 2 scrolls of amnesia
 s - a scroll of fog
 z - 3 scrolls of immolation
 A - 2 scrolls of vulnerability
 B - a scroll of blinking {unknown}
Potions
 d - 2 potions of mutation {unknown}
 g - 4 potions of agility
 i - 7 potions of heal wounds {unknown}
 k - a potion of ambrosia
 n - 7 potions of degeneration
 p - 9 potions of curing
 q - 4 potions of might
 r - a potion of flight
 t - a potion of magic
 u - 3 potions of lignification
 C - a potion of resistance {unknown}
Comestibles
 b - 26 rations
 E - 2 chunks of flesh


   Skills:
 + Level 4.5(9.5) Fighting
 + Level 6.4(11.4) Dodging
 + Level 3.8(8.8) Stealth
 + Level 12.8(17.8) Unarmed Combat


You had 9 spell levels left.
You didn't know any spells.

Dungeon Overview and Level Annotations

Branches:
Dungeon (10/15)            Temple (1/1) D:5             Orc (0/2) D:10
   Lair: D:8-11

Altars:
Ashenzari
Cheibriados
Dithmenos
Elyvilon
Fedhas
Gozag
Hepliaklqana
Kikubaaqudgha
Makhleb
Nemelex Xobeh
Okawaru
Qazlal
Ru
Sif Muna
Trog
Uskayaw
Vehumet
Wu Jian
Xom
Yredelemnul
Zin
The Shining One

Shops:
D:4 =(=


Innate Abilities, Weirdness & Mutations

You are too large for most types of armour.
You have claws for hands.
Your metabolism is lightning-fast.
You like to eat raw meat.
Your natural rate of healing is unusually fast.
You are covered in fur. (AC +1)
You have very tough skin. (AC +2)


Message History

You mangle the orc!!
You kill the orc!
Okawaru accepts your kill.
You scratch the death yak.
The death yak is lightly wounded.
The death yak gores you!!
* * * LOW HITPOINT WARNING * * *
You mangle the death yak!!
The death yak is heavily wounded.
The death yak gores you.
* * * LOW HITPOINT WARNING * * *
You claw the death yak!
The death yak is severely wounded.
You claw the death yak!
The death yak is almost dead.
The death yak closely misses you.
You claw the death yak!
The death yak is almost dead.
The death yak gores you!!
You die...

############....#..##
#..........#....#..##
#..................##
#..........#####...##
#..........# #....#
#..........# #.....
####.#.....# #.....
#[#.....##########
#@Y...............
########....###.##
#...........##...
#...........##...
#.........♣.##...
##.......♣♣♣.##...
#.........♣♣.##...
#.................
#.................


You could see a death yak.

Vanquished Creatures
  2 two-headed ogres
  A wolf spider zombie (D:7)
  An oklob plant (D:2)
  A hippogriff (D:8)
  Sigmund (D:4)
  Edmund (D:4)
  A water moccasin (D:6)
  A porcupine (D:10)
  A swamp drake (D:10)
  2 ice beasts
  2 orc warriors
  2 phantoms (D:8)
  A black bear (D:9)
  5 ogres
  2 sky beasts
  5 centaurs
  2 big kobolds (Sewer)
  A bullfrog (D:7)
  3 scorpions
  4 wights
  7 electric eels
  A crimson imp (D:5)
  A centaur zombie (D:6)
  A bullfrog zombie (D:6)
  3 jellies
  9 hounds
  A bullfrog skeleton (D:5)
  3 orc priests
  6 orc wizards
  An iguana (D:10)
  A hell rat (D:10)
  4 worker ants
  A worker ant zombie (D:8)
  7 gnolls (D:5)
  2 howler monkey skeletons (D:5)
  14 adders
  5 river rats (Sewer)
  A shadow imp (D:6)
  8 oozes
  An adder skeleton (D:4)
  7 worms
  13 dart slugs
  5 leopard geckos
  43 orcs
  6 bats
  3 giant cockroaches
  10 hobgoblins
  7 jackals
  22 kobolds
  5 quokkas
  6 ball pythons (Sewer)
  4 frilled lizards
  A goblin (D:3)
  A quokka zombie (D:9)
  29 rats
  4 fungi (D:2)
  6 plants
288 creatures vanquished.

Vanquished Creatures (others)
  A dart slug (D:6)
  17 toadstools (D:2)
18 creatures vanquished.

Grand Total: 306 creatures vanquished

Notes
Turn   | Place    | Note
-------+----------+-------------------------------------------
     0 | D:1      | galech the Troll Monk began the quest for the Orb.
     0 | D:1      | Reached XP level 1. HP: 22/22 MP: 0/0
   108 | D:1      | Reached XP level 2. HP: 29/29 MP: 1/1
   259 | D:1      | Reached XP level 3. HP: 36/36 MP: 2/2
   627 | D:2      | Found a burning altar of Makhleb.
   676 | D:2      | Reached XP level 4. HP: 44/44 MP: 3/3
   739 | D:2      | Reached skill level 4 in Unarmed Combat
   818 | D:2      | Found a sacrificial altar of Ru.
   941 | D:2      | Found a blossoming altar of Fedhas.
   959 | D:2      | Noticed an oklob plant
  1382 | D:3      | Reached XP level 5. HP: 51/53 MP: 4/4
  1419 | D:2      | Reached skill level 5 in Unarmed Combat
  1508 | D:3      | Reached XP level 6. HP: 50/61 MP: 5/5
  1878 | D:3      | Found a glowing drain.
  1887 | Sewer    | Entered a sewer
  1931 | Sewer    | Reached skill level 6 in Unarmed Combat
  2140 | Sewer    | Reached XP level 7. HP: 54/67 MP: 6/6
  2595 | D:4      | Reached skill level 7 in Unarmed Combat
  2596 | D:4      | Found Lustrudun's Weapon Shoppe.
  2614 | D:4      | Found Bettaseapi's Jewellery Shop.
  2639 | D:4      | Noticed Sigmund
  2648 | D:4      | Killed Sigmund
  2708 | D:4      | Found Gitaept's Jewellery Shop.
  2756 | D:4      | Noticed Edmund
  2765 | D:4      | Killed Edmund
  2765 | D:4      | Reached XP level 8. HP: 66/75 MP: 7/7
  2868 | D:4      | Reached skill level 8 in Unarmed Combat
  2936 | D:5      | Entered Level 5 of the Dungeon
  3047 | D:5      | Found a staircase to the Ecumenical Temple.
  3056 | Temple   | Entered the Ecumenical Temple
  3608 | D:5      | Found an iron altar of Okawaru.
  3615 | D:5      | Became a worshipper of Warmaster Okawaru
  3615 | D:5      | Reached * piety under Okawaru
  3615 | D:5      | Reached ** piety under Okawaru
  3870 | D:2      | Killed an oklob plant
  3870 | D:2      | Reached skill level 9 in Unarmed Combat
  4222 | D:6      | Found a hazy altar of Hepliaklqana.
  4281 | D:6      | Reached XP level 9. HP: 84/84 MP: 8/8
  4303 | D:6      | Reached skill level 10 in Unarmed Combat
  4510 | D:6      | Reached skill level 5 in Dodging
  5143 | D:7      | Reached *** piety under Okawaru
  5444 | D:8      | Found a deep blue altar of Sif Muna.
  5560 | D:8      | Reached skill level 11 in Unarmed Combat
  5774 | D:8      | Noticed a two-headed ogre
  5782 | D:8      | Killed a two-headed ogre
  5782 | D:8      | Reached **** piety under Okawaru
  5782 | D:8      | Reached XP level 10. HP: 67/93 MP: 9/9
  5943 | D:8      | Found a shattered altar of Ashenzari.
  6586 | D:9      | Found a basalt altar of Yredelemnul.
  6748 | D:9      | Noticed a two-headed ogre
  6754 | D:9      | Killed a two-headed ogre
  6754 | D:9      | Reached ***** piety under Okawaru
  6754 | D:9      | Reached skill level 12 in Unarmed Combat
  7290 | D:10     | Entered Level 10 of the Dungeon
  7410 | D:10     | Noticed a death yak
  7817 | D:10     | Found a staircase to the Orcish Mines.
  8139 | D:10     | Noticed a death yak
  8163 | D:9      | HP: 4/94 [death yak (4)]
  8166 | D:9      | Demolished by a death yak

Vault maps used:
D:1:      dpeg_arrival_rhombi, minmay_misc_feat_columns
D:2:      hangedman_ru_absence, makhleb_heckhound_becter, tgw_fedhas
D:3:      first_ration, cheibrodos_sewer_entry_bend
D:4:      serial_shops, shop, nicolae_shop_crystal, nicolae_shop_crystal,
          kennysheep_generic_room_12, uniq_sigmund, uniq_edmund
D:5:      nicolae_overflow_crystal_walls, minmay_temple_entry_metal_lava,
          st_stairs_7, minivault_11, kennysheep_generic_room_16
D:6:      kennysheep_slugbush, old_standard_altar
D:8:      cheibrodos_ashenzari_chains, kennysheep_mini, kennysheep_pointless_box
D:9:      lemuel_round_altar, grunt_ogre_cave
D:10:     dpeg_lair_monsters, erik_orc_1, serial_bayou, serial_bayou_lake_a,
          serial_bayou_pond_a, serial_bayou_lagoon_a, serial_bayou_shore_b,
          nicolae_dithmenos_the_darkroom
Temple:   regret_index_temple_waves
Sewer:    sewer_minmay_treatment

Skill      XL: |  1  2  3  4  5  6  7  8  9 10 |
---------------+-------------------------------+-----
Unarmed Combat | 4 5 6 7 9 11 12 | 12.8
Fighting       | 3 4 |  4.5
Dodging        | 3 4 5 6 |  6.4
Stealth        | 2 3 |  3.8

Action                   |  1- 3 |  4- 6 |  7- 9 | 10-12 || total
-------------------------+-------+-------+-------+-------++-------
Melee: Unarmed           |    52 |   185 |   376 |   199 ||   812
       Punch             |       |     5 |    17 |    10 ||    32
Invok: Heroism           |       |       |       |     1 ||     1
  Use: Scroll            |       |       |    16 |       ||    16
 Stab: Sleeping          |     2 |     1 |     9 |     2 ||    14
       Distracted        |       |       |       |     1 ||     1
  Eat: Chunk             |    10 |    15 |    34 |    22 ||    81
Armor: Robe              |    25 |    71 |    73 |    24 ||   193
Dodge: Dodged            |    33 |   115 |   150 |    88 ||   386
       Deflected         |       |       |     6 |     6 ||    12

Table legend:
 A = Spawn XP
 B = Non-spawn XP
 C = Spawn XP percentage of total XP
 D = Spawn monster count
 E = Non-spawn monster count
 F = Spawn count percentage of total count
 G = Total turns spent on level
                    A         B        C        D         E        F      G
               +---------+---------+-------+---------+---------+-------+---------
         Total |       0 |    9553 |   0.0 |       0 |     279 |   0.0 |  8166
               +---------+---------+-------+---------+---------+-------+---------
           D:1 |       0 |      49 |   0.0 |       0 |      20 |   0.0 |   599
           D:2 |       0 |     706 |   0.0 |       0 |      17 |   0.0 |  1064
           D:3 |       0 |     289 |   0.0 |       0 |      31 |   0.0 |   644
           D:4 |       0 |     721 |   0.0 |       0 |      19 |   0.0 |   426
           D:5 |       0 |     574 |   0.0 |       0 |      29 |   0.0 |   680
           D:6 |       0 |     713 |   0.0 |       0 |      28 |   0.0 |   908
           D:7 |       0 |    1032 |   0.0 |       0 |      16 |   0.0 |   369
           D:8 |       0 |    2032 |   0.0 |       0 |      21 |   0.0 |  1242
           D:9 |       0 |    1699 |   0.0 |       0 |      13 |   0.0 |   818
          D:10 |       0 |    1424 |   0.0 |       0 |      37 |   0.0 |   717
         Sewer |       0 |     314 |   0.0 |       0 |      48 |   0.0 |   544
               +---------+---------+-------+---------+---------+-------+---------
